AoeStats
← Sloth

Fortified Clearing

520029653Analyzed
3v3 RM · 7d ago on Nov 9, 2026· 46m 51s· 6 players
Game mode
Random Map
Map size
Normal (6 player)
Population
200
Speed
Normal
Resources
Standard
Victory
Conquest
Starting age
Dark Age
Ending age
Imperial Age
RankedLock teamsTeams togetherTeam positionsShared explorationLock speedFull tech treeHidden civsTurbo modeCheats
Victory
Defeat
🇨🇱 Inca · Chile
1088
+15
🇨🇴 Spanish · Colombia
1080
+15
🇦🇷 Ethiopians · Argentina
1071
+16
vs
🇺🇸 Japanese · United States
1089
-16
🇺🇸 Bulgarians · United States
1071
-15
🇺🇸 Inca · United States
1045
-15
Rakoon
10:05 Feudal Age
9:46 Loom
12:30 Double-Bit Axe
16:22 Fletching
17:03 Padded Archer Armor
21:37 Castle Age
21:43 Crossbowman
22:21 Bodkin Arrow
24:16 Bow Saw
27:40 Leather Archer Armor
27:26 Scale Mail Armor
27:37 Forging
28:02 Gambesons
27:38 Man-at-Arms
28:52 Light Cavalry
29:42 Bloodlines
30:10 Long Swordsman
37:11 Chain Mail Armor
38:13 Squires
42:23 Iron Casting
46:22 Thumb Ring
Ocelot
13:00 Feudal Age
16:52 Castle Age
17:04 Pikeman
19:17 Crossbowman
22:02 Wheelbarrow
21:49 Scale Mail Armor
21:52 Padded Archer Armor
23:47 Double-Bit Axe
25:25 Champi Runner
26:48 Gold Mining
27:39 Scale Mail Armor
40:45 Elite Skirmisher
42:17 Thumb Ring
44:26 Ballistics
Sloth
0:28 Loom
11:48 Feudal Age
17:03 Castle Age
23:44 Wheelbarrow
22:58 Horse Collar
23:20 Double-Bit Axe
30:12 Scale Barding Armor
30:18 Forging
37:44 Iron Casting
37:10 Scale Mail Armor
37:25 Arson
37:28 Gambesons
37:47 Squires
41:35 Chain Mail Armor
43:14 Murder Holes
43:33 Masonry
Predatory Shadow
0:27 Loom
10:54 Feudal Age
16:28 Castle Age
24:28 Crossbowman
25:00 Elite Skirmisher
26:48 Wheelbarrow
28:44 Fletching
28:54 Padded Archer Armor
29:41 Padded Archer Armor
30:33 Town Watch
32:25 Double-Bit Axe
33:56 Hand Cart
34:06 Ballistics
34:28 Thumb Ring
34:50 Horse Collar
36:37 Gold Mining
36:37 Stone Mining
37:16 Town Patrol
37:23 Heavy Plow
38:24 Husbandry
39:31 Royal Heirs
40:15 Gold Shaft Mining
40:15 Stone Shaft Mining
40:27 Bodkin Arrow
40:47 Leather Archer Armor
40:45 Forging
40:41 Scale Barding Armor
43:53 Squires
46:41 Imperial Age
45:12 Leather Archer Armor
45:33 Iron Casting
45:19 Chain Barding Armor
46:38 Scale Mail Armor
49:41 Imperial Age
El Destungador
0:39 Loom
12:08 Feudal Age
12:29 Horse Collar
12:34 Double-Bit Axe
19:50 Castle Age
18:30 Gold Mining
18:31 Stone Mining
19:07 Scale Mail Armor
19:34 Forging
21:01 Wheelbarrow
20:44 Heavy Plow
21:15 Bow Saw
29:10 Imperial Age
27:43 Hand Cart
29:25 Gold Shaft Mining
29:26 Stone Shaft Mining
29:14 Chain Mail Armor
29:35 Iron Casting
29:02 Squires
28:48 Arson
30:36 Crop Rotation
30:57 Elite Kamayuk
32:04 Conscription
32:30 Fabric Shields
33:25 Plate Mail Armor
34:07 Blast Furnace
37:07 Chemistry
40:35 Caravan
HaakonFloKSven
10:21 Feudal Age
11:57 Double-Bit Axe
14:27 Horse Collar
17:07 Wheelbarrow
16:53 Scale Barding Armor
16:59 Forging
21:07 Castle Age
19:32 Loom
21:24 Padded Archer Armor
21:17 Stone Mining
21:20 Gold Mining
22:24 Husbandry
22:35 Bloodlines
23:52 Iron Casting
27:12 Chain Barding Armor
35:55 Fletching
40:48 Heavy Plow
43:59 Leather Archer Armor
44:52 Stone Shaft Mining
47:02 Town Watch
Connection lost

Rejoining the realm…

Still unreachable

The connection could not be restored.

Session expired

The server has moved on; the page needs a fresh start.